 Dungeon Crawl Stone Soup version 0.30.0-7-g0c4daa9e05 (webtiles) character file.

Game seed: 13277949421972542246

131 Atelerd the Sneak (level 5, -1/31 HPs)
             Began as an Octopode Earth Elementalist on May 13, 2023.
             Slain by an orc
             ... wielding a +0 hand axe
              (4 damage)
             ... on level 3 of the Dungeon.
             The game lasted 00:01:38 (2117 turns).

Atelerd the Sneak (Octopode Earth Elementalist)     Turns: 2117, Time: 00:01:38

Health: -1/31      AC:  1    Str:  7    XL:     5   Next: 14%
Magic:  6/9        EV: 13    Int: 19    God:
Gold:   143        SH:  0    Dex: 13    Spells: 4/9 levels left

rFire   . . .        d - +0 dagger
rCold   . . .        (no shield)
rNeg    . . .        (helmet restricted)
rPois   .            (no amulet)
rElec   .            (no ring)
rCorr   .            (no ring)
SInv    .            (no ring)
Will    .....        (no ring)
Stlth   +++          (no ring)
HPRegen 0.25/turn    (no ring)
MPRegen 0.11/turn    (no ring)
                     (no ring)

%: no passive effects
@: no status effects
A: almost no armour, amphibious, 8 rings, camouflage 1, gelatinous body 1,
(nimble swimmer 1), tentacles
a: no special abilities


You were on level 3 of the Dungeon.
You visited 1 branch of the dungeon, and saw 3 of its levels.

You collected 143 gold pieces.

Inventory:

Hand Weapons
 d - a +0 dagger (weapon)
Jewellery
 k - an amulet of magic regeneration
Wands
 l - a wand of flame (16)
Scrolls
 e - a scroll of fog
 f - a scroll of brand weapon {unknown}
 g - a scroll of teleportation {unknown}
 i - a scroll of fear {unknown}
 j - 2 scrolls of identify {unknown}
Potions
 a - a potion of magic
 b - a potion of ambrosia {unknown}
 c - 3 potions of curing
 h - a potion of brilliance {unknown}


   Skills:
 + Level 2.8 Dodging
 + Level 4.0 Stealth
 + Level 2.7 Spellcasting
 + Level 2.1 Transmutations
 + Level 3.6 Earth Magic


You had 4 spell levels left.
You knew the following spells:

 Your Spells              Type           Power      Damage    Failure   Level
a - Sandblast             Erth           32%        2d9       3%          1
p - Petrify               Tmut/Erth      13%        N/A       43%         4

Your spell library contained the following spells:

 Spells                   Type           Power      Damage    Failure   Level
 Passwall                 Tmut/Erth      10%        N/A       7%          2
 Slow                     Hex            8%         N/A       16%         1
 Stone Arrow              Conj/Erth      18%        3d8       22%         3
 Cigotuvi's Dreadful Rot  Necr/Pois/Air  4%         N/A       24%         2
 Lesser Beckoning         Tloc           4%         N/A       24%         2
 Confusing Touch          Hex            2%         N/A       43%         3
 Gell's Gravitas          Tloc           2%         N/A       43%         3
 Teleport Other           Tloc           2%         N/A       43%         3
 Vampiric Draining        Necr           2%         2d6       43%         3
 Dispel Undead            Necr           2%         3d7       83%         4
 Death Channel            Necr           1%         N/A       100%        6


Dungeon Overview and Level Annotations

Branches:
Dungeon (3/15)

Altars:
Xom


Innate Abilities, Weirdness & Mutations

You cannot wear most types of armour.
You are amphibious.
You can wear up to eight rings at the same time.
Your skin changes colour to match your surroundings (Stealth+).
Your rubbery body absorbs attacks. (AC +1, EV +1)
((You are camouflaged when in or above water. (Stealth+)))
You have tentacles for arms and can constrict up to eight enemies at once.


Message History

Found a book of Frost.
The orc moves out of view.
The blast of sand hits the giant cockroach but does no damage.
The orc priest shouts!
Found a shiny helmet.
The giant cockroach bites you.
The blast of sand hits the giant cockroach but does no damage.
The orc shouts!
The giant cockroach barely misses you.
You closely miss the orc priest. You grab the orc priest.
You constrict the orc priest.
The giant cockroach barely misses you. x2
The orc priest hits you with a +0 hand axe.
You hit the orc priest.
The orc priest is moderately wounded.
You constrict the orc priest. The giant cockroach closely misses you.
The orc hits you but does no damage.
The orc priest invokes the aid of Beogh against you.
Beogh smites you!
You are too injured to fight recklessly!
Unknown command.
Casting: Sandblast (safe; 3% risk of failure)
Confirm with . or Enter, or press ? or * to list all spells.
Aiming: Sandblast (safe; 3% risk of failure)
Press: ? - help, Shift-Dir - straight line, f/p - giant cockroach
Aim: a giant cockroach (82% to hit)
The blast of sand hits the giant cockroach!
You kill the giant cockroach!
You constrict the orc priest.
The orc priest hits you with a +0 hand axe.
The orc closely misses you.
Casting: Sandblast (safe; 3% risk of failure)
Confirm with . or Enter, or press ? or * to list all spells.
Aiming: Sandblast (safe; 3% risk of failure)
Press: ? - help, Shift-Dir - straight line, f - orc priest
Aim: an orc priest, wielding a +0 hand axe (severely wounded, constricted by you, 100% to hit)
The blast of sand hits the orc priest!
You kill the orc priest!
The orc misses you.
The orc hits you with a +0 short sword. x2
The orc priest hits you with a +0 hand axe!
* * * LOW HITPOINT WARNING * * *
The orc hits you with a +0 hand axe.
You die...

.......# ...#.#.## ####
[...... #...#..#.).##
#### .....#.#.... ..#
.......#..# #.#
......o#..########.##
......o@...)...†....####
......o#.#########......
.......#.#######.......#
.:...###................
#...# #.#######.......#
##.# #.# #........ #.
#.# #.......# # ..#
#.......# #..<....#


You could see an orc priest and 2 orcs.

Vanquished Creatures
  An orc priest (D:3)
  Ijyb (D:3)
  Natasha (D:2)
  3 adders
  2 worms
  An orc (D:3)
  3 bats
  6 endoplasms
  2 giant cockroaches
  5 goblins
  5 hobgoblins
  4 jackals (D:1)
  6 kobolds
  2 ball pythons (D:1)
  5 rats
47 creatures vanquished.

Notes
Turn   | Place    | Note
-------+----------+-------------------------------------------
     0 | D:1      | Atelerd the Octopode Earth Elementalist began the quest for
                  | the Orb.
     0 | D:1      | Reached XP level 1. HP: 11/11 MP: 3/3
   207 | D:1      | Found a faded altar of an unknown god.
   214 | D:1      | Reached XP level 2. HP: 17/17 MP: 1/5
   265 | D:1      | Reached skill level 3 in Stealth
   812 | D:1      | Reached XP level 3. HP: 18/21 MP: 3/6
  1360 | D:2      | Found a shimmering altar of Xom.
  1389 | D:2      | Noticed Natasha
  1394 | D:2      | Killed Natasha
  1396 | D:2      | Reached XP level 4. HP: 27/27 MP: 3/7
  1947 | D:3      | Learned a level 4 spell: Petrify
  1964 | D:3      | Noticed Ijyb
  1972 | D:3      | Killed Ijyb
  1973 | D:3      | Reached skill level 4 in Stealth
  1975 | D:3      | Reached XP level 5. HP: 15/31 MP: 1/9
  2117 | D:3      | Slain by an orc

Illustrated notes

Levels and vault maps discovered:
D:1:      nagdon_arrival_double_spiral, layout_basic,
          ebering_ecumenical_altar_rust, palyth_stone_intersect,
          minmay_misc_feat_ornament, roderic_lattice_a
D:2:      layout_basic, basic_altar, kennysheep_another_room, uniq_natasha
D:3:      layout_loops_ring, nicolae_qazlal_general_emergency, uniq_ijyb,
          uniq_terence

Skill      XL: |  1  2  3  4 |
---------------+-------------+-----
Stealth        | 3 4 |  4.0
Transmutations | 2 |  2.1
Dodging        | |  2.8
Spellcasting   | |  2.7
Earth Magic    | |  3.6

Action                     |  1- 3 |  4- 6 || total
---------------------------+-------+-------++-------
  Melee: Unarmed           |     3 |       ||     3
         Tentacles         |     3 |     1 ||     4
         Dagger            |    16 |    17 ||    33
         Constrict         |     3 |     4 ||     7
   Cast: Sandblast         |    27 |    24 ||    51
    Use: Scroll            |       |     1 ||     1
         Potion            |       |     1 ||     1
   Stab: Sleeping          |     3 |     3 ||     6
 Armour: Skin              |     3 |     4 ||     7
  Dodge: Dodged            |    18 |    20 ||    38
